 Dungeon Crawl Stone Soup version 0.30-a0-469-g84de5afbc5 (webtiles) character file.

Game seed: 12010339422118788779

25 grecius the Trooper (level 2, 0/27 HPs)
             Began as a Draconian Fighter on Dec 20, 2022.
             Slain by an adder (1 damage)
             ... on level 2 of the Dungeon.
             The game lasted 00:13:04 (596 turns).

grecius the Trooper (Draconian Fighter)              Turns: 596, Time: 00:13:05

Health: 0/27       AC:  4    Str: 18    XL:     2   Next: 82%
Magic:  2/2        EV: 12    Int:  8    God:
Gold:   41         SH:  4    Dex: 10    Spells: 1/1 levels left

rFire   . . .      SeeInvis +    a - +1 long sword
rCold   . . .      Faith    .    b - +0 buckler
rNeg    . . .      Spirit   .    (body armour unavailable)
rPois   .          Reflect  .    (helmet restricted)
rElec   .          Harm     .    (no cloak)
rCorr   .          Rampage  .    (no gloves)
Will    +....                    (no boots)
Stlth   +.........               (no amulet)
HPRegen 0.24/turn                m - ring of see invisible
MPRegen 0.08/turn                (no ring)

@: mighty, lethally poisoned (0 -> -2), very slow
A: AC +4, unfitting armour, cold-blooded, claws 1, deterioration 1,
strong-willed 1
a: no special abilities


You were on level 2 of the Dungeon.
You visited 1 branch of the dungeon, and saw 2 of its levels.

You collected 41 gold pieces.

Inventory:

Hand Weapons
 a - a +1 long sword (weapon)
 d - a +0 club
 h - a +0 whip
 i - a +0 short sword
 l - a +2 dagger of speed
Missiles
 f - 12 stones (quivered)
Armour
 b - a +0 buckler (worn)
 e - a +0 leather armour
 g - a +0 leather armour
Jewellery
 j - an amulet of magic regeneration
 m - a ring of see invisible (left claw)
Potions
 k - a potion of mutation
 n - a potion of haste {unknown}


   Skills:
 + Level 3.7 Fighting
 + Level 2.1 Long Blades
 + Level 2.9 Dodging
 + Level 3.4 Shields


You had one spell level left.
You didn't know any spells.
Your spell library was empty.

Dungeon Overview and Level Annotations

Branches:
Dungeon (2/15)

Altars:


Innate Abilities, Weirdness & Mutations

Your plain brown scales are hard. (AC +4)
You cannot fit into any form of body armour.
You are cold-blooded and may be slowed by cold attacks.
You have sharp fingernails.
Your body sometimes deteriorates upon taking damage.
You are strong-willed. (Will+)


Message History

The giant cockroach misses you. The adder bites you but does no damage.
The giant cockroach splashes around in the water.
The adder barely misses you.
Your unstable footing causes you to fumble your attack.
You block the adder's attack. The giant cockroach bites you.
The giant cockroach barely misses you. The adder bites you.
You are poisoned.
The adder poisons you!
You barely miss the giant cockroach.
The giant cockroach is severely wounded.
You feel sick. The adder bites you but does no damage.
The giant cockroach splashes around in the water.
You slash the giant cockroach!
You kill the giant cockroach!
You feel sick. The adder barely misses you. x2
You closely miss the adder.
You feel sick. The adder bites you but does no damage.
The adder closely misses you.
You miss the adder.
You feel sick.
You are no longer poisoned.
The adder closely misses you.
Your unstable footing causes you to fumble your attack.
The adder bites you.
You are poisoned.
The adder poisons you! The adder bites you.
Your unstable footing causes you to fumble your attack.
You feel sick. The adder bites you but does no damage. The adder bites you.
* * * LOW HITPOINT WARNING * * *
Your unstable footing causes you to fumble your attack.
You feel sick. The adder closely misses you. The adder bites you.
* * * LOW HITPOINT WARNING * * *
You are lethally poisoned!
The adder poisons you!
You slash the adder!
Your tail-slap misses the adder.
The adder is severely wounded.
* * * LOW HITPOINT WARNING * * *
You feel sick. The adder closely misses you.
You feel very mighty all of a sudden.
* * * LOW HITPOINT WARNING * * *
You feel sick. The adder barely misses you. The adder bites you.
You die...

#..## #<# #.#.#
#.# ##.## #.#
#†# #.# #.# #.#
#.# #..
#########.# ###
#.........#
♣~♣♣♣~@P####
♣~PS♣ ~~~~♣~♣
≈≈~≈≈~~~~~
≈≈≈≈≈≈≈≈≈P~~~~
≈≈≈≈≈≈≈≈≈~~P~P~
≈≈≈≈≈≈≈≈≈≈~~~~~
≈≈≈≈≈≈≈≈≈≈≈~P~~


You could see an adder.

Vanquished Creatures
  A worm (D:2)
  A bat (D:1)
  An endoplasm (D:1)
  A giant cockroach (D:2)
  2 goblins (D:1)
  3 hobgoblins (D:1)
  A quokka (D:1)
  3 ball pythons (D:1)
  4 frilled lizards
  4 kobolds (D:1)
  A rat (D:1)
22 creatures vanquished.

Vanquished Creatures (others)
  8 plants (D:2)
8 creatures vanquished.

Grand Total: 30 creatures vanquished

Notes
Turn   | Place    | Note
-------+----------+-------------------------------------------
     0 | D:1      | grecius the Draconian Fighter began the quest for the Orb.
     0 | D:1      | Reached XP level 1. HP: 19/19 MP: 1/1
   151 | D:1      | Reached XP level 2. HP: 21/26 MP: 2/2
   214 | D:1      | Gained mutation: Your body sometimes deteriorates upon
                  | taking damage. [potion of mutation]
   214 | D:1      | Gained mutation: You are strong-willed. (Will+) [potion of
                  | mutation]
   214 | D:1      | Gained mutation: You have sharp fingernails. [potion of
                  | mutation]
   596 | D:2      | HP: 1/27 [poisoned by an adder]
   596 | D:2      | Slain by an adder

Illustrated notes

Levels and vault maps discovered:
D:1:      dpeg_arrival_ternary, layout_basic, serial_shops,
          nicolae_shop_temple_entry_statues_fountains
D:2:      layout_loops_corners, basic_altar, serial_bayou_lake_a, uniq_sigmund,
          uniq_robin

Action                   || total
-------------------------++-------
Melee: Long sword        ||    76
       Tailslap          ||     8
Throw: Stone             ||     5
  Use: Scroll            ||     2
       Potion            ||     2
Armor: Skin              ||    13
Dodge: Dodged            ||    43
Block: Buckler           ||    24

Table legend: (Time is in decaauts)
 A = Elapsed time spent in this place.
 B = Non-inter-level travel time spent in this place.
 C = Inter-level travel time spent in this place.
 D = Time resting spent in this place.
 E = Time spent auto-exploring this place.
 F = Levels seen in this place.
 G = Mean time per level.
                   A        B        C        D        E       F      G
               +--------+--------+--------+--------+--------+-----+--------+
         Total |    622 |    205 |    417 |      0 |      0 |   2 |  311.0 |
       Dungeon |    622 |    205 |    417 |      0 |      0 |   2 |  311.0 |
               +--------+--------+--------+--------+--------+-----+--------+

Top non-repeatable levels by time:
     D:1: 545 daAuts
     D:2: 76 daAuts
